 Dungeon Crawl Stone Soup version 0.27-a0-1325-g58a489ad9e (webtiles) character file.

Game seed: 4292927745242872101

107 dickylongcocking the Shooter (level 4, -2/38 HPs)
             Began as a Naga Arcane Marksman on June 25, 2021.
             Killed by nerve-wracking pain
             ... invoked by Grinder
              (9 damage)
             ... on level 3 of the Dungeon.
             The game lasted 00:03:10 (2942 turns).

dickylongcocking the Shooter (Naga Arcane Marksman) Turns: 2942, Time: 00:03:11

Health: -2/38      AC:  3    Str: 12    XL:     4   Next: 85%
Magic:  2/5        EV:  8    Int: 13    God:
Gold:   45         SH:  0    Dex: 13    Spells: 4/5 levels left

rFire    . . .     SeeInvis +   a - +0 shortbow
rCold    . . .     Faith    .   (shield currently unavailable)
rNeg     . . .     Spirit   .   k - +0 ring mail
rPois    +         Reflect  .   (no helmet)
rElec    .         Harm     .   (no cloak)
rCorr    .         Rampage  .   (no gloves)
Will     .....                  (no barding)
Stlth    +.........             (no amulet)
HPRegen  0.12/turn              (no ring)
MPRegen  0.09/turn              (no ring)

@: very slow
A: AC +1, large, see invisible, deformed body, poison resistance, slowness 2,
spit poison 1, naga tail 1
a: Spit Poison


You were on level 3 of the Dungeon.
You visited 1 branch of the dungeon, and saw 3 of its levels.

You collected 45 gold pieces.

Inventory:

Hand Weapons
 a - a +0 shortbow (weapon)
 i - a +3 dagger
Armour
 b - a +0 leather armour
 d - a +0 robe
 k - a +0 ring mail (worn)
Scrolls
 f - 4 scrolls of teleportation {unknown}
 h - 4 scrolls of identify {unknown}
Potions
 e - a potion of attraction {unknown}


   Skills:
 - Level 1.0 Fighting
 * Level 4.3 Bows
 - Level 1.7 Dodging
 - Level 1.0 Spellcasting
 - Level 3.1 Hexes


You had 4 spell levels left.
You knew the following spells:

 Your Spells              Type           Power      Damage    Failure   Level
a - Corona                Hex            8%         N/A       19%         1

Your spell library contained the following spells:

 Spells                   Type           Power      Damage    Failure   Level
 Slow                     Hex            8%         N/A       26%         2
 Magic Dart               Conj           0%         1d3       54%         1
 Searing Ray              Conj           0%         3d3       67%         2
 Dazzling Flash           Conj/Hex       8%         N/A       71%         3
 Inner Flame              Hex/Fire       4%         N/A       71%         3
 Portal Projectile        Hex/Tloc       8%         N/A       71%         3
 Cause Fear               Hex            4%         N/A       87%         4
 Fulminant Prism          Conj/Hex       2%         3d6       98%         4
 Leda's Liquefaction      Hex/Erth       2%         N/A       98%         4
 Iskenderun's Mystic Bla  Conj/Tloc      0%         2d3       99%         4


Dungeon Overview and Level Annotations

Branches:
Dungeon (3/15)

Altars:

Annotations:
D:3 Grinder


Innate Abilities, Weirdness & Mutations

Your serpentine skin is tough. (AC +1)
You have supernaturally acute eyesight. (SInv)
Armour fits poorly on your strangely shaped body.
Your system is resistant to poisons. (rPois)
You cover ground very slowly.
You can spit poison.
You have a snake-like lower body.


Message History

Unknown command.
Unknown command.
Fire: 2 arrows
Press: ? - help, Q - select action, (/) - cycle Shift-Dir - straight line, f - goblin
Aim: a goblin, wielding a +0 dagger and quivering stones (51% to hit)
You shoot an arrow. The arrow hits the goblin.
You kill the goblin!
The rat bites you but does no damage.
Unknown command.
Fire: arrow
Press: ? - help, Q - select action, (/) - cycle Shift-Dir - straight line, f - rat
Aim: a rat (59% to hit)
You shoot an arrow.
The arrow hits the rat but does no damage.
The rat bites you but does no damage.
Unknown command.
Unknown command.
Unknown command.
Unknown command.
Unknown command.
Unknown command.
Press: ? - help, Shift-Dir - straight line, f/p - rat
Aim: a rat The splash of poison hits the rat.
The rat is poisoned.
You kill the rat!
Unknown command.
Things that are here:
an arrow; a rat corpse
c - an arrow You have got your breath back.
Grinder gestures at you. You resist with significant effort.
Fire: arrow
Press: ? - help, Q - select action, (/) - cycle Shift-Dir - straight line, f - Grinder
Aim: Grinder (almost dead, 55% to hit)
You shoot an arrow. The arrow hits Grinder.
Grinder is almost dead.
Grinder gestures at you. Pain shoots through your body!
You die...

......######.....##...#.
.......(.(..............
...............##.......
........................
#....5....g†...........
.....#.#####...........
.... #((..##...........
.. #....####.........
...##@...######.......
#.........'..# ###.....
#.....##...##.# #.....
....... ##.###.# #.....
.......###.###.# #.....
...............# . #.....
.......###.#####.. ..##..
##.....###...........##..
.......+.'........... #..


You could see Grinder.

Vanquished Creatures
  Terence (D:3)
  3 adders (D:2)
  A worm (D:2)
  2 dart slugs
  An orc (D:2)
  2 bats
  An endoplasm (D:3)
  2 giant cockroaches (D:1)
  5 goblins
  2 hobgoblins
  8 jackals
  3 kobolds
  6 ball pythons
  5 frilled lizards
  6 rats
48 creatures vanquished.

Notes
Turn   | Place    | Note
-------+----------+-------------------------------------------
     0 | D:1      | dickylongcocking the Naga Arcane Marksman began the quest
                  | for the Orb.
     0 | D:1      | Reached XP level 1. HP: 18/18 MP: 2/2
   382 | D:1      | Reached skill level 2 in Bows
   426 | D:1      | Reached XP level 2. HP: 25/25 MP: 3/3
  1179 | D:1      | Reached XP level 3. HP: 31/31 MP: 4/4
  1272 | D:2      | Reached skill level 3 in Bows
  2178 | D:2      | Reached XP level 4. HP: 29/38 MP: 5/5
  2576 | D:2      | Found a faded altar of an unknown god.
  2750 | D:3      | Noticed Terence
  2759 | D:3      | Killed Terence
  2760 | D:3      | Reached skill level 4 in Bows
  2865 | D:3      | Noticed Grinder
  2880 | D:3      | Paralysed by Grinder for 5 turns
  2893 | D:3      | Paralysed by Grinder for 7 turns
  2921 | D:3      | Paralysed by Grinder for 2 turns
  2942 | D:3      | Killed from afar by Grinder

Illustrated notes

Levels and vault maps discovered:
D:1:      tarquinn_simple_flora_water_e, layout_basic, amcnicky_mini_pool_small,
          minmay_misc_feat_tiny
D:2:      layout_basic, hellmonk_ecumenical_altar_leap_of_faith
D:3:      layout_basic, uniq_terence, uniq_grinder

Skill      XL: |  1  2  3  4 |
---------------+-------------+-----
Bows           | 2 3 4 |  4.3
Fighting       | |  1.0
Dodging        | |  1.7
Spellcasting   | |  1.0
Hexes          | |  3.1

Action                   |  1- 3 |  4- 6 || total
-------------------------+-------+-------++-------
Melee: Dagger            |     1 |       ||     1
 Fire: Shortbow          |   112 |    75 ||   187
 Cast: Corona            |     4 |     7 ||    11
 Abil: Spit Poison       |     8 |     5 ||    13
  Use: Potion            |       |     5 ||     5
Armor: Leather armour    |     7 |     5 ||    12
       Ring mail         |       |     9 ||     9
       Skin              |       |     5 ||     5
Dodge: Dodged            |    35 |    31 ||    66

Table legend: (Time is in decaauts)
 A = Elapsed time spent in this place.
 B = Non-inter-level travel time spent in this place.
 C = Inter-level travel time spent in this place.
 D = Time resting spent in this place.
 E = Time spent auto-exploring this place.
 F = Levels seen in this place.
 G = Mean time per level.
                   A        B        C        D        E       F      G
               +--------+--------+--------+--------+--------+-----+--------+
         Total |   3601 |   3510 |     91 |    123 |   2938 |   3 | 1200.3 |
       Dungeon |   3601 |   3510 |     91 |    123 |   2938 |   3 | 1200.3 |
               +--------+--------+--------+--------+--------+-----+--------+

Top non-repeatable levels by time:
     D:2: 1752 daAuts
     D:1: 1577 daAuts
     D:3: 272 daAuts
